 Dungeon Crawl Stone Soup version 0.30.0-29-ga12c61a403 (webtiles) character file.

Game seed: 126041202351225762

71 Heoruswealwe the Shooter (level 3, -2/30 HPs)
             Began as a Demigod Hunter on June 22, 2023.
             Slain by a goblin
             ... wielding a +0 dagger
             ... led by Robin
              (3 damage)
             ... on level 2 of the Dungeon.
             The game lasted 00:08:05 (722 turns).

Heoruswealwe the Shooter (Demigod Hunter)            Turns: 722, Time: 00:08:05

Health: -2/30      AC:  3    Str: 12    XL:     3   Next: 79%
Magic:  5/5        EV: 12    Int: 11    God:
Gold:   49         SH:  0    Dex: 21    Spells: 2/2 levels left

rFire   . . .        a - +0 shortbow
rCold   . . .        (shield currently unavailable)
rNeg    . . .        c - +0 leather armour
rPois   .            (no helmet)
rElec   .            (no cloak)
rCorr   .            (no gloves)
SInv    .            (no boots)
Will    .....        (no amulet)
Stlth   ++           (no ring)
HPRegen 0.25/turn    (no ring)
MPRegen 0.09/turn

%: no passive effects
@: no status effects
A: high MP 1, forlorn, divine attributes
a: no special abilities


You were on level 2 of the Dungeon.
You visited 1 branch of the dungeon, and saw 2 of its levels.

You collected 49 gold pieces.

Inventory:

Hand Weapons
 a - a +0 shortbow (weapon)
Armour
 c - a +0 leather armour (worn)
Scrolls
 b - 2 scrolls of immolation
 e - 2 scrolls of magic mapping {unknown}
 g - a scroll of identify {unknown}
Potions
 d - a potion of curing
 f - a potion of degeneration {unknown}


   Skills:
 + Level 2.4 Fighting
 + Level 4.1 Ranged Weapons
 + Level 2.4 Dodging
 + Level 2.0 Stealth


You had 2 spell levels left.
You didn't know any spells.
Your spell library contained the following spells:

 Spells                   Type           Power      Damage    Failure   Level
 Summon Small Mammal      Summ           0%         N/A       41%         1
 Call Canine Familiar     Summ           0%         N/A       80%         3
 Stone Arrow              Conj/Erth      0%         3d7       80%         3
 Summon Guardian Golem    Hex/Summ       0%         N/A       80%         3
 Animate Armour           Summ/Erth      0%         N/A       99%         4
 Lehudib's Crystal Spear  Conj/Erth      0%         10d2      100%        8


Dungeon Overview and Level Annotations

Branches:
Dungeon (2/15)

Annotations:
D:2 Robin


Innate Abilities, Weirdness & Mutations

You have an increased reservoir of magic. (+10% MP)
You shall have no god before yourself.
Your divine heritage dramatically boosts your attributes as you level up.


Message History

A goblin comes into view. It is wielding a +0 dagger.
The goblin closely misses you.
A hobgoblin comes into view.
The goblin hits you with a +0 club.
* * * LOW HITPOINT WARNING * * *
It was a potion of curing.
You feel better. The goblin barely misses you. x2
Robin hits you from afar with a +0 spear.
* * * LOW HITPOINT WARNING * * *
Okay, then.
You feel better.
A goblin comes into view. It is wielding a +0 dagger.
An endoplasm comes into view.
The goblin hits you but does no damage. The goblin completely misses you.
The goblin unwields a +0 sling.
The goblin wields a +0 club.
The goblin barely misses you.
You shoot an arrow. The arrow closely misses the goblin.
The goblin hits you but does no damage. The goblin hits you with a +0 club. x2
The goblin barely misses you. Robin barely misses you.
The goblin hits you with a +0 dagger.
You are too injured to fight recklessly!
Fire: a) +0 shortbow
Press: ? - help, Q - select action Shift-Dir - straight line, f/p - goblin
Aim: a goblin, wielding a +0 dagger (heavily wounded, strong, 59% to hit)
You shoot an arrow. The arrow hits the goblin.
You kill the goblin!
Robin throws the goblin at you! The goblin misses you.
The goblin barely misses you. The goblin hits you but does no damage.
Robin hits you from afar with a +0 spear.
* * * LOW HITPOINT WARNING * * *
The goblin closely misses you.
Fire: a) +0 shortbow
Press: ? - help, Q - select action Shift-Dir - straight line, f - goblin
Aim: a goblin, wielding a +0 dagger (strong, 59% to hit)
You shoot an arrow. The arrow barely misses the goblin.
Robin hits you from afar with a +0 spear.
* * * LOW HITPOINT WARNING * * *
The goblin hits you with a +0 club.
* * * LOW HITPOINT WARNING * * *
The goblin hits you with a +0 dagger.
You die...

###### ...... ###......
.. ##...... .... ......
.. # .... #gg#.###. ###
..#.###@##.#.. ...
......#g##.#.# ###.#.
#.#..g##.#.######...#
#.##g.##.............
#.=gJ..†........=#.#
##...............#.#
#†...)............###
.......................(
#..).............(..#.#..


You could see Robin (fast), an endoplasm, a hobgoblin (strong) and 4 goblins.

Vanquished Creatures
  Terence (D:2)
  A dart slug (D:1)
  A ball python (D:2)
  2 bats
  3 endoplasms (D:1)
  6 goblins
  8 hobgoblins
  2 jackals (D:1)
  3 kobolds
  A quokka (D:2)
  5 frilled lizards
  7 rats
40 creatures vanquished.

Notes
Turn   | Place    | Note
-------+----------+-------------------------------------------
     0 | D:1      | Heoruswealwe the Demigod Hunter began the quest for the
                  | Orb.
     0 | D:1      | Reached XP level 1. HP: 17/17 MP: 3/3
   137 | D:1      | Reached skill level 1 in Stealth
   239 | D:1      | Reached XP level 2. HP: 24/24 MP: 4/4
   516 | D:1      | Reached XP level 3. HP: 29/29 MP: 5/5
   667 | D:2      | Noticed Terence
   673 | D:2      | Killed Terence
   674 | D:2      | Reached skill level 4 in Ranged Weapons
   705 | D:2      | Noticed Robin
   722 | D:2      | HP: 1/30 [goblin/+0 club[Robin] (4)]
   722 | D:2      | Slain by a goblin

Illustrated notes

Levels and vault maps discovered:
D:1:      giann_forest_graveyard, layout_basic
D:2:      layout_rooms, basic_altar, basic_ecumenical_altar, uniq_robin,
          uniq_terence, uniq_crazy_yiuf_cottage

Skill      XL: |  1  2  3 |
---------------+----------+-----
Stealth        | 1 2 |  2.0
Dodging        | 2 |  2.4
Fighting       | 2 |  2.4
Ranged Weapons | 4 |  4.1

Action                     || total
---------------------------++-------
   Fire: Shortbow          ||    94
    Use: Potion            ||     2
 Armour: Leather armour    ||    10
  Dodge: Dodged            ||    38
